 Dungeon Crawl Stone Soup version 0.29-a0-334-gb41bcbb86e (webtiles) character file.

Game seed: 13469574445241732554

1149 Jortsu the Poker (level 8, -38/68 HPs)
             Began as a Hill Orc Fighter on Apr 14, 2022.
             Was an Initiate of Beogh.
             Hit by a large rock thrown by a cyclops (42 damage)
             ... on level 6 of the Dungeon.
             The game lasted 00:08:00 (5431 turns).

Jortsu the Poker (Hill Orc Fighter)                 Turns: 5431, Time: 00:08:00

Health: -38/68     AC: 17    Str: 21    XL:     8   Next: 38%
Magic:  8/8        EV:  6    Int:  8    God:    Beogh [......]
Gold:   276        SH:  4    Dex: 10    Spells: 7/7 levels left

rFire   . . .      SeeInvis .   n - +6 trident of Excruciating Pain {holy, rElec}
rCold   . . .      Faith    .   c - +0 buckler
rNeg    . . .      Spirit   .   w - +0 plate armour
rPois   .          Reflect  .   j - +0 helmet
rElec   +          Harm     .   l - +1 cloak
rCorr   .          Rampage  .   g - +0 pair of gloves
Will    .....                   (no boots)
Stlth   ..........              (no amulet)
HPRegen 0.21/turn               (no ring)
MPRegen 0.11/turn               (no ring)

@: no status effects
A: no striking features
a: Renounce Religion


You were on level 6 of the Dungeon.
You worshipped Beogh.
Beogh was noncommittal.
You visited 1 branch of the dungeon, and saw 6 of its levels.

You collected 276 gold pieces.

Inventory:

Hand Weapons
 a - a +0 war axe
 k - a +5 trident of freezing
 n - the +6 trident of Excruciating Pain (weapon) {holy, rElec}
   (You found it on level 2 of the Dungeon)

   It has been blessed by the Shining One to cause great damage to the undead
   and demons.
   rElec:     It insulates you from electricity.
Armour
 c - a +0 buckler (worn)
 g - a +0 pair of gloves (worn)
 j - a +0 helmet (worn)
 l - a +1 cloak (worn)
 w - a +0 plate armour (worn)
Wands
 m - a wand of flame (27)
 o - a wand of acid (2)
 u - a wand of mindburst (15)
Scrolls
 r - a scroll of magic mapping
 v - a scroll of enchant weapon {unknown}
Potions
 d - a potion of might
 e - 3 potions of flight {unknown}
 f - 4 potions of curing {unknown}
 h - 2 potions of brilliance {unknown}
 i - a potion of heal wounds {unknown}
 p - a potion of attraction {unknown}
 q - 3 potions of degeneration {unknown}
 s - 2 potions of haste {unknown}
 t - a potion of resistance {unknown}


   Skills:
 + Level 5.3 Fighting
 + Level 4.9(7.1) Axes
 + Level 6.7(7.2) Polearms
 + Level 5.5 Armour
 + Level 1.5 Dodging
 + Level 0.6 Stealth
 + Level 4.7 Shields


You had 7 spell levels left.
You didn't know any spells.
Your spell library contained the following spells:

 Spells                   Type           Power      Damage    Failure   Level
 Animate Skeleton         Necr           0%         N/A       100%        1
 Beastly Appendage        Tmut           0%         N/A       100%        1
 Pain                     Necr           0%         1d4       100%        1
 Wereblood                Tmut           0%         N/A       100%        2
 Spider Form              Tmut/Pois      0%         N/A       100%        3
 Vampiric Draining        Necr           0%         2d6       100%        3


Dungeon Overview and Level Annotations

Branches:
Dungeon (6/15)
 Temple: D:4-7

Altars:

Shops:
D:3 =   D:5 (

Annotations:
D:3 2 transporters


Message History

You start removing your armour.
You continue taking off your +0 scale mail. x4
You finish taking off your +0 scale mail.
You start putting on your armour.
You continue putting on your +0 plate armour. x5
You finish putting on your +0 plate armour.
You drop a +0 scale mail.
Found a helmet.
A hound comes into view.
The hound barks!
Found 8 gold pieces.
You hit the hound.
The hound is heavily wounded.
The hound bites you but does no damage.
You hit the hound.
The hound is severely wounded.
The hound barely misses you. x2
You hit the hound.
You kill the hound!
Beogh accepts your kill.
Found a mace.
You now have 270 gold pieces (gained 8).
You now have 276 gold pieces (gained 6).
Found a ring mail.
Found a robe.
An orc comes into view. It is wielding a +0 whip.
The orc shouts!
A cyclops comes into view.
The cyclops shouts!
The orc barely misses you.
The cyclops throws a large rock.
The large rock hits you!!
Ouch! That really hurt!
You puncture the orc!
You kill the orc!
Beogh accepts your kill.
The cyclops throws a large rock.
The large rock hits you!!
* * * LOW HITPOINT WARNING * * *
The cyclops throws a large rock.
The large rock hits you!!!
Ouch! That really hurt!
You die...

#################
............C....
.....[...@..#
###.).....#
###.....##
##.....# ###...##
##...# ##..##
##..## ##..##


You could see a cyclops.

Vanquished Creatures
  A steam dragon (D:6)
  A sky beast (D:5)
  An ice beast (D:5)
  A phantom (D:4)
  A necrophage (D:3)
  2 scorpions
  Crazy Yiuf (D:2)
  3 orc priests (D:5)
  4 hounds
  An iguana (D:4)
  4 orc wizards
  Robin (D:2)
  3 gnolls (D:2)
  8 adders
  An ufetubus (D:5)
  3 worms (D:2)
  A dart slug (D:4)
  8 orcs
  8 bats
  10 endoplasms
  4 giant cockroaches
  14 goblins
  17 hobgoblins
  5 jackals (D:2)
  A quokka (D:2)
  6 ball pythons
  5 frilled lizards
  7 kobolds
  4 rats
126 creatures vanquished.

Vanquished Creatures (others)
  A fungus (D:1)
  5 plants (D:3)
6 creatures vanquished.

Grand Total: 132 creatures vanquished

Notes
Turn   | Place    | Note
-------+----------+-------------------------------------------
     0 | D:1      | Jortsu the Hill Orc Fighter began the quest for the Orb.
     0 | D:1      | Reached XP level 1. HP: 19/19 MP: 1/1
   246 | D:1      | Reached XP level 2. HP: 24/27 MP: 2/2
   508 | D:1      | Found a faded altar of an unknown god.
   590 | D:2      | Noticed Robin
   613 | D:2      | Killed Robin
   614 | D:2      | Reached XP level 3. HP: 17/33 MP: 3/3
   933 | D:2      | Reached XP level 4. HP: 40/40 MP: 4/4
   980 | D:2      | Found a runed translucent door.
   981 | D:2      | Noticed Crazy Yiuf
   988 | D:2      | Killed Crazy Yiuf
  1166 | D:2      | Reached skill level 1 in Polearms
  1288 | D:2      | Reached XP level 5. HP: 46/46 MP: 5/5
  1291 | D:2      | Identified the +6 trident of Excruciating Pain {holy,
                  | rElec}
  1759 | D:3      | Found a transporter.
  1943 | D:2      | Reached skill level 2 in Polearms
  2195 | D:3      | Found Heistrirr's Jewellery Emporium.
  2301 | D:3      | Found a transporter.
  2877 | D:3      | Reached XP level 6. HP: 22/52 MP: 6/6
  3180 | D:4      | Reached skill level 3 in Polearms
  3726 | D:4      | Reached skill level 4 in Polearms
  3726 | D:4      | Reached XP level 7. HP: 51/60 MP: 7/7
  3834 | D:4      | Reached skill level 1 in Dodging
  4078 | D:5      | Entered Level 5 of the Dungeon
  4091 | D:5      | Reached skill level 5 in Armour
  4468 | D:5      | Became a worshipper of Beogh the Brigand
  4820 | D:5      | Found Uqeribb's Antique Weapon Shoppe.
  4833 | D:5      | Reached skill level 5 in Polearms
  4841 | D:5      | Reached skill level 5 in Fighting
  5072 | D:5      | Reached XP level 8. HP: 68/68 MP: 8/8
  5087 | D:5      | Reached skill level 6 in Polearms
  5427 | D:6      | Noticed a cyclops
  5430 | D:6      | HP: 3/68 [cyclops/large rock (30)]
  5431 | D:6      | Hit by a large rock thrown by a cyclops

Illustrated notes

Levels and vault maps discovered:
D:1:      onia_arrival_mini_spirals, layout_rooms,
          shapermc_ecumenical_altar_mp_highgroup, minmay_misc_feat_plants
D:2:      layout_loops_ring, minmay_nonomino_d4, uniq_crazy_yiuf_cottage,
          uniq_robin
D:3:      gammafunk_steamed_eel, layout_basic, serial_shops, nicolae_shop_stone,
          nicolae_grassy_gnolls
D:4:      layout_loops_cross, minmay_circle_x
D:5:      layout_loops_ring, serial_shops, shop, minivault_4
D:6:      minmay_thick_lines, layout_loops_ring, lemuel_crystal_altar,
          water_boxes_lemuel

Skill      XL: |  1  2  3  4  5  6  7  8 |
---------------+-------------------------+-----
Axes           | 3 4 |  4.9
Fighting       | 4 5 |  5.3
Polearms       | 1 2 4 5 6 |  6.7
Armour         | 4 5 |  5.5
Shields        | 4 |  4.7
Dodging        | 1 |  1.5
Stealth        | |  0.6

Action                   |  1- 3 |  4- 6 |  7- 9 || total
-------------------------+-------+-------+-------++-------
Melee: War axe           |    52 |       |       ||    52
       Trident           |    12 |   145 |    92 ||   249
Invok: Convert to Beogh  |       |       |     1 ||     1
  Use: Scroll            |       |     2 |     2 ||     4
Armor: Scale mail        |    55 |    94 |    47 ||   196
       Plate armour      |       |       |     1 ||     1
Dodge: Dodged            |    48 |    79 |    36 ||   163
Block: Buckler           |    21 |    35 |    16 ||    72

Table legend: (Time is in decaauts)
 A = Elapsed time spent in this place.
 B = Non-inter-level travel time spent in this place.
 C = Inter-level travel time spent in this place.
 D = Time resting spent in this place.
 E = Time spent auto-exploring this place.
 F = Levels seen in this place.
 G = Mean time per level.
                   A        B        C        D        E       F      G
               +--------+--------+--------+--------+--------+-----+--------+
         Total |   5473 |   5353 |    120 |   1240 |   3183 |   6 |  912.2 |
       Dungeon |   5473 |   5353 |    120 |   1240 |   3183 |   6 |  912.2 |
               +--------+--------+--------+--------+--------+-----+--------+

Top non-repeatable levels by time:
     D:2: 1359 daAuts
     D:5: 1188 daAuts
     D:4: 1038 daAuts
     D:3: 932 daAuts
     D:1: 787 daAuts
     D:6: 168 daAuts
